 Dungeon Crawl Stone Soup version 0.30-a0-923-g828ccac5a3 (webtiles) character file.

Game seed: 2454529128227545479

39767 MacCMillion the Severer (level 13, -15/117 HPs)
             Began as a Minotaur Fighter on Mar 22, 2023.
             Was the Champion of Okawaru.
             Demolished by a death yak (16 damage)
             ... on level 4 of the Lair of Beasts.
             The game lasted 00:35:09 (21480 turns).

MacCMillion the Severer (Minotaur Fighter)         Turns: 21480, Time: 00:35:10

Health: -15/117    AC: 20    Str: 27    XL:     13   Next: 71%
Magic:  0/18       EV: 13    Int:  8    God:    Okawaru [******]
Gold:   746        SH: 11    Dex: 14    Spells: 12/12 levels left

rFire   . . .      SeeInvis .    a - +0 war axe
rCold   + . .      Faith    .    Y - +0 kite shield {rC+}
rNeg    . . .      Spirit   .    b - +0 plate armour of Grace {Int+3}
rPois   .          Reflect  .    (helmet restricted)
rElec   .          Rampage  .    (no cloak)
rCorr   .                        w - +1 pair of gloves {infuse}
Will    .....                    M - +1 pair of boots of Hosuge {+Blink Str+3 Dex+2} Stlth
                                 (no amulet)
HPRegen 0.39/turn                v - +5 ring of evasion
MPRegen 0.16/turn                (no ring)

@: about to teleport, finesse-ful
A: horns 2, retaliatory headbutt
a: Renounce Religion, Evoke Blink, Heroism, Finesse, Duel


You were on level 4 of the Lair of Beasts.
You worshipped Okawaru.
Okawaru was exalted by your worship.
You visited 2 branches of the dungeon, and saw 16 of its levels.
You also visited: Sewer, Bailey and Ice Cave.

You collected 746 gold pieces.

Inventory:

Hand Weapons
 a - a +0 war axe (weapon)
 t - a +0 demon trident
Missiles
 F - 2 curare-tipped darts
 G - a silver javelin
 K - 12 poisoned darts
 L - 8 boomerangs (quivered)
 Q - a throwing net
Armour
 b - the +0 plate armour of Grace (worn) {Int+3}
   (Okawaru gifted it to you on level 10 of the Dungeon)

   Int:       It affects your intelligence (+3).
 l - a +0 pair of gloves
 w - a +1 pair of gloves of infusion (worn)
 M - the +1 pair of boots of Hosuge (worn) {+Blink Str+3 Dex+2}
   (Okawaru gifted it to you on level 9 of the Dungeon)

   Str:       It affects your strength (+3).
   Dex:       It affects your dexterity (+2).
   +Blink:    It lets you blink.
 R - the +1 buckler "Bojucwed" {rElec Regen+ rCorr MP-9}
   (You took it off a kobold on level 9 of the Dungeon)

   rElec:     It insulates you from electricity.
   MP:        It affects your magic capacity (-9).
   Regen:     It increases your rate of health regeneration.
   rCorr:     It protects you from acid and corrosion.
 W - a scarf of shadows
 X - a +1 tower shield of cold resistance
 Y - a +0 kite shield of cold resistance (worn)
Jewellery
 v - a +5 ring of evasion (left hand)
 U - a ring of resist corrosion
 Z - a ring of ice
Wands
 y - a wand of roots (24)
 B - a wand of polymorph (2)
 I - a wand of flame (33)
 J - a wand of digging (6)
Scrolls
 c - a scroll of brand weapon {unknown}
 f - 3 scrolls of blinking {unknown}
 h - 2 scrolls of poison
 n - 3 scrolls of amnesia {unknown}
 p - 6 scrolls of teleportation
 z - 2 scrolls of fog {unknown}
 A - 6 scrolls of enchant weapon {unknown}
 C - 4 scrolls of summoning {unknown}
 D - 2 scrolls of enchant armour {unknown}
 E - 4 scrolls of immolation {unknown}
 H - 3 scrolls of silence {unknown}
 N - 3 scrolls of vulnerability {unknown}
 S - 5 scrolls of identify
 T - 2 scrolls of magic mapping
Potions
 d - 2 potions of might
 e - 4 potions of lignification
 g - 3 potions of berserk rage
 i - 8 potions of attraction
 j - a potion of resistance {unknown}
 k - a potion of experience {unknown}
 m - a potion of invisibility {unknown}
 o - 3 potions of brilliance
 q - 3 potions of curing
 r - 4 potions of ambrosia
 s - 2 potions of heal wounds
 u - 4 potions of mutation
 x - a potion of cancellation {unknown}
 O - 2 potions of flight {unknown}
 V - a potion of magic {unknown}
Miscellaneous
 P - a phial of floods


   Skills:
 + Level 11.6 Fighting
 - Level 16.0 Axes
 + Level 9.6 Throwing
 + Level 11.6 Armour
 - Level 4.0 Dodging
 + Level 10.2 Shields
 + Level 8.1 Invocations


You had 12 spell levels left.
You didn't know any spells.
Your spell library contained the following spells:

 Spells                   Type           Power      Damage    Failure   Level
 Freeze                   Ice            0%         1d3       100%        1
 Ensorcelled Hibernation  Hex/Ice        0%         N/A       100%        2
 Frozen Ramparts          Ice            0%         1d1       100%        3
 Hailstorm                Conj/Ice       0%         3d3       100%        3
 Ignite Poison            Fire/Tmut/Pois 0%         N/A       100%        3
 Inner Flame              Hex/Fire       0%         N/A       100%        3
 Spider Form              Tmut/Pois      0%         N/A       100%        3
 Anguish                  Hex/Necr       0%         N/A       100%        4
 Cause Fear               Hex            0%         N/A       100%        4
 Flame Wave               Conj/Fire      0%         2d4       100%        4
 Sticky Flame             Conj/Fire      0%         2d3       100%        4
 Borgnjor's Vile Clutch   Necr/Erth      0%         N/A       100%        5
 Metabolic Englaciation   Hex/Ice        0%         N/A       100%        5
 Discord                  Hex            0%         N/A       100%        8
 Ignition                 Fire           0%         3d3       100%        8
 Animate Dead             Necr           Unusable   N/A       N/A         4
 Death Channel            Necr           Unusable   N/A       N/A         6

Dungeon Overview and Level Annotations

Branches:
Dungeon (11/15)            Temple (0/1) D:7            Lair (5/5) D:9
  Swamp (0/4) Lair:3        Snake (0/4) Lair:3        Sewer (visited)
 Bailey (visited)           IceCv (visited)
  Slime: Lair:4-5       Orc: D:9-12

Altars:
Ashenzari
Cheibriados
Hepliaklqana
Kikubaaqudgha
Okawaru
Qazlal
Ru
Sif Muna
Vehumet
Zin

Shops:
D:7 (

Portals:
Trove: D:10 (give +3 shadow dragon scales)

Annotations:
D:4 Sigmund
D:7 3 runed translucent doors, spyp's ghost, novice OpBr
D:11 Fannar


Innate Abilities, Weirdness & Mutations

You have a pair of horns on your head.
You reflexively headbutt those who attack you in melee.


Message History

The death yak misses you.
You are too injured to fight recklessly!
You are too injured to fight recklessly!
You are too injured to fight recklessly!
You are too injured to fight recklessly!
You are too injured to fight recklessly!
The death yak attacks as you move away! The death yak gores you!
* * * LOW HITPOINT WARNING * * *
The death yak attacks as you move away! You block the death yak's attack.
The death yak attacks as you move away! The death yak gores you!!
* * * LOW HITPOINT WARNING * * *
The death yak attacks as you move away!
The death yak gores you but does no damage.
The death yak attacks as you move away! You block the death yak's attack.
There is a stone staircase leading up here.
You are too injured to fight recklessly!
You are too injured to fight recklessly!
You barely miss the death yak.
You headbutt the death yak, but do no damage.
The death yak is lightly wounded.
You hit the death yak but do no damage.
Unknown command.
The death yak gores you but does no damage.
The death yak closely misses you. You furiously retaliate!
You headbutt the death yak!
You climb upwards.
There is a stone staircase leading down here.
As you read the scroll of teleportation, it crumbles to dust.
You feel strangely unstable. You block the death yak's attack.
The death yak misses you.
You hit the death yak but do no damage. You headbutt the death yak.
The death yak is severely wounded.
You barely miss the death yak. You block the death yak's attack.
The death yak gores you!
* * * LOW HITPOINT WARNING * * *
The death yak misses you.
The death yak gores you but does no damage.
Unknown command.
The death yak attacks as you move away! The death yak gores you!
You die...

####### ####
#.#..P######
#..######.....#.[#P##
.<..#P#.#.#.........#
...+.........♣...♣..#
...#..#..#..♣.P.P.♣.###
....####......♣Y♣.....#
...## ##......>@....##
...### #....P♣Y♣P...#
.....# ###.♣.P...♣..#
...(.# #..♣...♣...#
...### #..........#
...# #..........# ...#
###.#..#'### ...#
###.#...# #'## ####.##


You could see 2 death yaks.

Vanquished Creatures
  Josephine (D:10)
  2 hydras
  Erica (Lair:2)
  3 two-headed ogres (D:10)
  4 death yaks
  Amaemon (Lair:1)
  A skyshark (Lair:4)
  A bog body (IceCv)
  An orc knight (Bailey)
  A deep elf zephyrmancer (Bailey)
  A necromancer (IceCv)
  A manticore (D:11)
  11 elephants
  3 black mambas
  An orange demon (Lair:1)
  6 cane toads
  Maggie (D:8)
  2 ice statues (IceCv)
  A freezing wraith (IceCv)
  6 ice devils (IceCv)
  2 komodo dragons
  A queen bee (Lair:3)
  A troll (D:10)
  A tyrant leech (Lair:3)
  A polar bear (Lair:3)
  3 anaconda simulacra (IceCv)
  3 blink frogs (Lair:4)
  3 dire elephant simulacra (IceCv)
  3 wraiths (D:10)
  2 wyverns
  52 yaks
  2 steam dragons
  Grum (D:8)
  A harpy simulacrum (IceCv)
  A swamp worm (Lair:3)
  4 nagas (Lair:3)
  2 acid dragons
  11 water moccasins
  3 hydra simulacra (IceCv)
  Pargi (Sewer)
  7 orc warriors
  4 sky beasts
  3 ice beasts
  An ogre (D:6)
  7 wolves
  3 phantoms
  A centaur (D:10)
  Blork the orc (D:5)
  3 kobold brigands
  9 bullfrogs
  A cane toad simulacrum (IceCv)
  A gnoll sergeant (D:7)
  A two-headed ogre simulacrum (IceCv)
  4 scorpions (D:6)
  38 killer bees
  7 howler monkeys
  5 hounds
  A gnoll bouda (D:5)
  6 orc priests
  2 sleepcaps
  5 iguanas
  A troll simulacrum (IceCv)
  12 orc wizards
  3 polar bear simulacra
  Robin (D:2)
  8 adders
  6 gnolls
  A river rat (D:5)
  2 shadow imps
  2 white imps
  An ufetubus (D:5)
  3 worms
  2 dart slugs
  41 orcs
  8 endoplasms
  9 giant cockroaches
  19 goblins
  7 hobgoblins
  3 jackals (D:2)
  3 quokkas
  3 training dummies (D:7)
  7 ball pythons
  6 bats
  8 frilled lizards
  23 kobolds
  7 rats
443 creatures vanquished.

Vanquished Creatures (others)
  A bush (Lair:1)
  14 fungi
  40 plants
  A withered plant (D:5)
56 creatures vanquished.

Grand Total: 499 creatures vanquished

Notes
Turn   | Place    | Note
-------+----------+-------------------------------------------
     0 | D:1      | MacCMillion the Minotaur Fighter began the quest for the
                  | Orb.
     0 | D:1      | Reached XP level 1. HP: 19/19 MP: 0/0
   136 | D:1      | Reached XP level 2. HP: 19/26 MP: 1/1
   173 | D:1      | Reached skill level 3 in Axes
   224 | D:1      | Found a faded altar of an unknown god.
   518 | D:1      | Reached XP level 3. HP: 31/31 MP: 2/2
   821 | D:2      | Noticed Robin
  1018 | D:2      | Reached skill level 4 in Axes
  1176 | D:2      | Reached XP level 4. HP: 39/39 MP: 3/3
  1185 | D:2      | Killed Robin
  1186 | D:2      | Reached skill level 5 in Shields
  2104 | D:3      | Reached skill level 5 in Axes
  2104 | D:3      | Reached XP level 5. HP: 19/45 MP: 4/4
  2921 | D:4      | Reached skill level 6 in Axes
  3288 | D:4      | Found an iron altar of Okawaru.
  3296 | D:4      | Became a worshipper of Warmaster Okawaru
  3331 | D:4      | Reached XP level 6. HP: 48/51 MP: 5/5
  3452 | D:4      | Noticed Sigmund
  3802 | D:4      | Reached skill level 7 in Axes
  3903 | D:4      | Found a broken altar of Ashenzari.
  3931 | D:5      | Entered Level 5 of the Dungeon
  3997 | D:5      | Noticed Blork the orc
  4007 | D:5      | Killed Blork the orc
  4007 | D:5      | Reached * piety under Okawaru
  4008 | D:5      | Reached skill level 8 in Axes
  4009 | D:5      | Reached XP level 7. HP: 18/57 MP: 6/6
  4112 | D:5      | Reached skill level 9 in Axes
  4122 | D:5      | Found an ancient bone altar of Kikubaaqudgha.
  4357 | D:5      | Found a glowing drain.
  4369 | D:5      | Reached skill level 10 in Axes
  4433 | Sewer    | Entered a sewer
  4543 | Sewer    | Noticed Pargi
  4547 | Sewer    | Killed Pargi
  4547 | Sewer    | Reached ** piety under Okawaru
  4717 | D:5      | Identified the +4 falchion "Votapp" {protect, rF+ Dex+4
                  | SInv}
  4843 | D:5      | Reached XP level 8. HP: 53/66 MP: 7/9
  5248 | D:6      | Reached skill level 5 in Fighting
  5248 | D:6      | Reached skill level 5 in Armour
  5505 | D:6      | Reached *** piety under Okawaru
  5571 | D:6      | Reached skill level 11 in Axes
  5849 | D:6      | Reached XP level 9. HP: 75/75 MP: 10/10
  6228 | D:6      | Found a glowing silver altar of Zin.
  6287 | D:7      | Found a staircase to the Ecumenical Temple.
  6400 | D:7      | Found a runed translucent gate.
  6401 | D:7      | Found a runed translucent gate.
  6402 | D:7      | Found a runed translucent gate.
  6404 | D:7      | Noticed spyp's ghost (novice OpBr)
  6404 | D:7      | Noticed a spectral unseen horror
  6763 | D:7      | Found Daf Diuk's Firing Range.
  7302 | D:7      | Reached skill level 1 in Throwing
  7304 | D:7      | Reached **** piety under Okawaru
  7559 | D:8      | Reached skill level 12 in Axes
  7681 | D:8      | Noticed Maggie
  7694 | D:8      | Killed Maggie
  8104 | D:8      | Noticed Grum
  8122 | D:8      | Killed Grum
  8123 | D:8      | Reached XP level 10. HP: 18/88 MP: 12/12
  9241 | D:8      | Reached ***** piety under Okawaru
  9546 | D:8      | Found a shimmering blue altar of Sif Muna.
  9775 | D:8      | Reached skill level 13 in Axes
 10490 | D:9      | Found a staircase to the Lair.
 10542 | D:9      | Identified the +1 pair of boots of Hosuge {+Blink Str+3
                  | Dex+2} (Okawaru gifted it to you on level 9 of the Dungeon)
 10542 | D:9      | Received a gift from Okawaru
 10570 | D:9      | Identified the +1 buckler "Bojucwed" {rElec Regen+ rCorr
                  | MP-9}
 10582 | D:9      | Reached skill level 5 in Invocations
 10642 | D:9      | Found a hazy altar of Hepliaklqana.
 11374 | D:10     | Entered Level 10 of the Dungeon
 11380 | D:10     | Noticed a two-headed ogre
 11402 | D:10     | Killed a two-headed ogre
 11403 | D:10     | Reached skill level 5 in Throwing
 11403 | D:10     | Reached XP level 11. HP: 95/95 MP: 14/14
 11407 | D:10     | Found a flagged portal.
 11425 | Bailey   | Entered a bailey
 11484 | Bailey   | Noticed an orc knight
 11516 | Bailey   | Killed an orc knight
 11517 | Bailey   | Reached skill level 14 in Axes
 11867 | Bailey   | Found a large runed translucent door.
 11867 | Bailey   | Found a large runed translucent door.
 11868 | Bailey   | Noticed a deep elf zephyrmancer
 11915 | Bailey   | Killed a deep elf zephyrmancer
 12043 | Bailey   | Got the Codex of the Frigorific Blaze
 12198 | D:10     | Noticed a two-headed ogre
 12233 | D:10     | Killed a two-headed ogre
 13091 | D:10     | Noticed a two-headed ogre
 13134 | D:10     | Killed a two-headed ogre
 13232 | D:10     | Reached skill level 1 in Dodging
 13577 | D:10     | Found a snail-covered altar of Cheibriados.
 13580 | D:10     | Found a sacrificial altar of Ru.
 13583 | D:10     | Found a radiant altar of Vehumet.
 13586 | D:10     | Found a stormy altar of Qazlal.
 13615 | D:10     | Noticed Josephine
 13630 | D:10     | Killed Josephine
 13630 | D:10     | Identified the +0 plate armour of Grace {Int+3} (Okawaru
                  | gifted it to you on level 10 of the Dungeon)
 13630 | D:10     | Received a gift from Okawaru
 14009 | D:10     | Found a portal to a secret trove of treasure.
 14110 | D:11     | Noticed Fannar
 14235 | Lair:1   | Entered Level 1 of the Lair of Beasts
 14303 | Lair:1   | Identified the +0 leather armour of Masochism {Int-4 Dex+3}
 14315 | Lair:1   | Reached skill level 15 in Axes
 14754 | Lair:1   | Reached XP level 12. HP: 104/104 MP: 1/16
 15383 | Lair:1   | Noticed Amaemon
 15395 | Lair:1   | Killed Amaemon
 15942 | Lair:2   | Noticed a death yak
 15955 | Lair:2   | Killed a death yak
 15956 | Lair:2   | Noticed a death yak
 15956 | Lair:2   | Noticed a death yak
 16073 | Lair:1   | Killed a death yak
 16252 | Lair:1   | Killed a death yak
 16480 | Lair:2   | Reached skill level 16 in Axes
 16480 | Lair:2   | Reached skill level 10 in Armour
 16529 | Lair:2   | Noticed a five-headed hydra
 16541 | Lair:2   | Killed a five-headed hydra
 16542 | Lair:2   | Reached skill level 10 in Fighting
 16650 | Lair:2   | Noticed Erica
 16662 | Lair:2   | Killed Erica
 16713 | Lair:2   | Identified the +3 barding of Cheibriados's Esteem {rF+ rN+
                  | rCorr}
 17057 | Lair:2   | Received a gift from Okawaru
 17336 | Lair:3   | Found a staircase to the Snake Pit.
 17337 | Lair:3   | Noticed a six-headed hydra
 17624 | Lair:3   | Found a frozen archway.
 17651 | IceCv    | Entered an ice cave
 17755 | IceCv    | Identified the +4 ring mail of Imiobbic {rN+} (Okawaru
                  | gifted it to you in an ice cave)
 17755 | IceCv    | Received a gift from Okawaru
 17755 | IceCv    | Reached ****** piety under Okawaru
 18229 | IceCv    | Reached XP level 13. HP: 36/116 MP: 1/18
 19518 | Lair:3   | Found a staircase to the Swamp.
 20543 | Lair:4   | HP: 4/116 [poisoned by a black mamba]
 20544 | Lair:4   | HP: 1/116 [black mamba (14)]
 20797 | Lair:4   | Identified the +3 pair of boots of Buygg {Harm Regen+
                  | Str+3} (Okawaru gifted it to you on level 4 of the Lair of
                  | Beasts)
 20797 | Lair:4   | Received a gift from Okawaru
 20812 | Lair:4   | Reached skill level 10 in Shields
 21319 | Lair:4   | Identified the +1 whip of Bile {freeze, rC+ Int+2}
 21437 | Lair:5   | Entered Level 5 of the Lair of Beasts
 21478 | Lair:4   | HP: 1/117 [death yak (15)]
 21480 | Lair:4   | Demolished by a death yak

Illustrated notes

Levels and vault maps discovered:
D:1:      dpeg_arrival_rhombi, layout_basic, chequers_ecumenical_altar_island
D:2:      layout_loops_ring, kennysheep_generic_room_13, uniq_robin
D:3:      layout_rooms, kennysheep_generic_room_12
D:4:      layout_gridville, kennysheep_little_box, okawaru_ov_weapons_minmay,
          uniq_sigmund
D:5:      layout_cave_pools, kiku_gazebo_garden_becter, portal_sewer_entry_e,
          uniq_blork_the_orc
D:6:      layout_basic, zin_scriptorium
D:7:      minmay_razor_zed, layout_rooms, minmay_temple_entry_water_ring,
          gammafunk_ghost_necromancy, nicolae_shop_firing_range
D:8:      layout_gridville, led_sif_pool, serial_rivers,
          chequers_serial_rivers_micro_c, chequers_serial_rivers_small_a,
          chequers_serial_rivers_large_b, chequers_serial_rivers_small_b,
          chequers_serial_rivers_micro_a, chequers_serial_rivers_small_3,
          uniq_maggie, uniq_grum
D:9:      layout_basic, nicolae_hepliaklqana_hazy_memory, dpeg_oklobed_lair
D:10:     layout_cave_pools, grunt_temple_overflow_cloverleaf,
          serial_column_ruins, column_ruins_courtyard_long,
          column_ruins_hut_pillars, column_ruins_grid_1,
          column_ruins_corridor_corner, column_ruins_corridor_dead_end,
          enter_trove_2, enter_bailey_2, uniq_josephine
D:11:     layout_irregular_city, david_orc_2, serial_shops, shop, uniq_fannar
Lair:1:   layout_loops_ring, uniq_amaemon
Lair:2:   wad_woods_structure_01, layout_regular_city, serial_bayou_crossing,
          grunt_megastairs_3, uniq_erica
Lair:3:   layout_roguey, minmay_swamp_entry_worms,
          minmay_snake_entry_guardpost_small, special_room [special_room_bee],
          portal_ice_cave_entry_ice_simulacra
Lair:4:   layout_roguey, columned_hall_lemuel, grunt_forest_stairs_basic
Lair:5:   hellmonk_lair_end_abyssal_woods, layout_loops_ring,
          dpeg_slime_entry_enclosed, pond

Skill      XL: |  1  2  3  4  5  6  7  8  9 10 11 12 13 |
---------------+----------------------------------------+-----
Shields        | 4 5 10 | 10.2
Axes           | 3 4 5 6 8 10 11 12 13 15 16 | 16.0
Invocations    | 3 4 6 7 8 |  8.1
Fighting       | 6 7 8 9 11 | 11.6
Armour         | 6 7 8 9 11 | 11.6
Throwing       | 2 5 7 9 |  9.6
Dodging        | 3 4 |  4.0

Action                     |  1- 3 |  4- 6 |  7- 9 | 10-12 | 13-15 || total
---------------------------+-------+-------+-------+-------+-------++-------
  Melee: War axe           |   105 |   129 |   297 |   663 |   295 ||  1489
         Headbutt          |    10 |    19 |    50 |   163 |    87 ||   329
         Demon trident     |       |       |       |     2 |    10 ||    12
  Throw: Throwing net      |       |       |     1 |     1 |       ||     2
         Dart              |       |       |       |    20 |       ||    20
         Boomerang         |       |       |       |     8 |     2 ||    10
 Invoke: Finesse           |       |       |     1 |       |     1 ||     2
         Heroism           |       |       |       |     1 |       ||     1
    Use: Potion            |       |     1 |       |     2 |     5 ||     8
         Scroll            |       |       |     6 |     4 |     2 ||    12
   Stab: Held in net/web   |       |       |     1 |     1 |       ||     2
 Armour: Scale mail        |    66 |    70 |   125 |   109 |       ||   370
         Plate armour      |       |       |       |   118 |   152 ||   270
  Dodge: Dodged            |    56 |    57 |   103 |   285 |   193 ||   694
  Block: Buckler           |    24 |    32 |    56 |   141 |    76 ||   329
         Kite shield       |       |       |       |       |    34 ||    34

Table legend: (Time is in decaauts)
 A = Elapsed time spent in this place.
 B = Non-inter-level travel time spent in this place.
 C = Inter-level travel time spent in this place.
 D = Time resting spent in this place.
 E = Time spent auto-exploring this place.
 F = Levels seen in this place.
 G = Mean time per level.
                   A        B        C        D        E       F      G
               +--------+--------+--------+--------+--------+-----+--------+
         Total |  21409 |  20621 |    788 |   7038 |  10029 |  19 | 1126.8 |
       Dungeon |  13446 |  12754 |    692 |   4080 |   6641 |  11 | 1222.4 |
          Lair |   5321 |   5225 |     96 |   1380 |   2983 |   5 | 1064.2 |
         Sewer |    183 |    183 |      0 |     17 |    133 |   1 |  183.0 |
        Bailey |    744 |    744 |      0 |    329 |    109 |   1 |  744.0 |
      Ice Cave |   1713 |   1713 |      0 |   1232 |    163 |   1 | 1713.0 |
               +--------+--------+--------+--------+--------+-----+--------+

Top non-repeatable levels by time:
     D:8: 2744 daAuts
   IceCv: 1713 daAuts
  Lair:1: 1635 daAuts
    D:10: 1527 daAuts
     D:7: 1487 daAuts
     D:2: 1417 daAuts
  Lair:2: 1365 daAuts
     D:9: 1327 daAuts
  Lair:3: 1284 daAuts
     D:5: 1222 daAuts
     D:3: 1099 daAuts
     D:6: 1014 daAuts
  Lair:4: 1003 daAuts
     D:4: 844 daAuts
  Bailey: 744 daAuts
